| TOP OF THE 1ST |
|
Birmingham Barons batting - Pitching for Corpus Christi Hooks : RHP Josh Willig
|
|
Pitching: RHP Josh Willig
|
|
|
Batting: LHB Dalton Silveira
|
0-0: SOLO HOME RUN (Flyball, 7LD, EV 93.8 MPH), Distance : 344 ft
|
|
Batting: LHB Larry Myers
|
0-0: Called Strike 0-1: Ball 1-1: Ball 2-1: Ball 3-1: Called Strike 3-2: Base on Balls
|
|
Batting: SHB Ruben Velasco Jr.
|
0-0: Ball 1-0: Fly out, F8 (Flyball, 8RD, EV 88.1 MPH)
|
|
Batting: LHB Ryan Dyal
|
0-0: Ball 1-0: Called Strike 1-1: Called Strike 1-2: Ball 2-2: Strikes out looking
|
|
Batting: LHB Matt Hyde
|
0-0: Ball 1-0: Foul Ball, location: 2F 1-1: Ball 2-1: DOUBLE (Line Drive, 3D, EV 108.1 MPH) Larry Myers to third Runner from 3rd tries for Home, SAFE, throw by RF to home
|
|
Batting: RHB Mike Savage
|
0-0: Foul Ball, location: 2F 0-1: Ball 1-1: Ball 2-1: Ball 3-1: Base on Balls
|
|
Batting: RHB Toichiro Fujimoto
|
0-0: Foul Ball, location: 2F 0-1: Fly out, F8 (Flyball, 89M, EV 80.6 MPH)
|
| Top of the 1st over - 2 runs, 2 hits, 0 errors, 2 left on base; Birmingham 2 - Corpus Christi 0 |
| BOTTOM OF THE 1ST |
|
Corpus Christi Hooks batting - Pitching for Birmingham Barons : LHP Matt Granados
|
|
Pitching: LHP Matt Granados
|
|
|
Batting: RHB Mark Cahill
|
0-0: Foul Ball, location: 2F 0-1: Ground out U3 (Groundball, 3, EV 107.5 MPH)
|
|
Batting: LHB Josh Corkery
|
0-0: Foul Ball, location: 2F 0-1: Called Strike 0-2: Foul Ball, location: 2F 0-2: Foul Ball, location: 2F 0-2: Strikes out looking
|
|
Batting: RHB Ramon Castellon
|
0-0: Ball 1-0: Swinging Strike 1-1: Called Strike 1-2: Strikes out swinging
|
| Bottom of the 1st over - 0 runs, 0 hits, 0 errors, 0 left on base; Birmingham 2 - Corpus Christi 0 |
| TOP OF THE 2ND |
|
Birmingham Barons batting - Pitching for Corpus Christi Hooks : RHP Josh Willig
|
|
Batting: RHB John Iddings
|
0-0: Called Strike 0-1: DOUBLE (Line Drive, 78D, EV 111.9 MPH)
|
|
Batting: SHB Jason Bresnahan
|
0-0: Ball 1-0: Foul Ball, location: 2F 1-1: Ball 2-1: Called Strike 2-2: Ball 3-2: Strikes out swinging
|
|
Batting: LHB Dalton Silveira
|
0-0: Ball 1-0: Foul Ball, location: 2F 1-1: Foul Ball, location: 2F 1-2: Fly out, F8 (Line Drive, 8LD, EV 91.9 MPH)
|
|
Batting: LHB Larry Myers
|
0-0: Ball 1-0: Ball 2-0: Foul Ball, location: 2F 2-1: Foul Ball, location: 2F 2-2: SINGLE (Line Drive, 6D, EV 98.1 MPH) John Iddings to third Runner from 3rd tries for Home, SAFE, throw by CF to home
|
|
Batting: SHB Ruben Velasco Jr.
|
0-0: Foul Ball, location: 2F 0-1: Ball 1-1: Foul Ball, location: 2F 1-2: Fly out, F8 (Flyball, 8LD, EV 82.5 MPH)
|
| Top of the 2nd over - 1 run, 2 hits, 0 errors, 1 left on base; Birmingham 3 - Corpus Christi 0 |
| BOTTOM OF THE 2ND |
|
Corpus Christi Hooks batting - Pitching for Birmingham Barons : LHP Matt Granados
|
|
Batting: RHB Sam Spohn
|
0-0: Ball 1-0: Fly out, F8 (Flyball, 8RM, EV 91.9 MPH)
|
|
Batting: LHB Bob Dietz
|
0-0: Ball 1-0: Foul Ball, location: 2F 1-1: Foul Ball, location: 2F 1-2: Foul Ball, location: 2F 1-2: Strikes out swinging
|
|
Batting: LHB Josh Birkner
|
0-0: Ball 1-0: Foul Ball, location: 2F 1-1: Called Strike 1-2: Ball 2-2: Strikes out swinging
|
| Bottom of the 2nd over - 0 runs, 0 hits, 0 errors, 0 left on base; Birmingham 3 - Corpus Christi 0 |
| TOP OF THE 3RD |
|
Birmingham Barons batting - Pitching for Corpus Christi Hooks : RHP Josh Willig
|
|
Batting: LHB Ryan Dyal
|
0-0: Ball 1-0: Ground out 6-3 (Groundball, 56D, EV 85.6 MPH)
|
|
Batting: LHB Matt Hyde
|
0-0: Called Strike 0-1: Foul Ball, location: 2F 0-2: Foul Ball, location: 2F 0-2: Strikes out swinging
|
|
Batting: RHB Mike Savage
|
0-0: Called Strike 0-1: Ball 1-1: Ground out 5-3 (Groundball, 56, EV 89.4 MPH)
|
| Top of the 3rd over - 0 runs, 0 hits, 0 errors, 0 left on base; Birmingham 3 - Corpus Christi 0 |
| BOTTOM OF THE 3RD |
|
Corpus Christi Hooks batting - Pitching for Birmingham Barons : LHP Matt Granados
|
|
Batting: LHB Mitchell Casey
|
0-0: Ball 1-0: Foul Ball, location: 2F 1-1: Foul Ball, location: 2F 1-2: Foul Ball, location: 2F 1-2: Foul Ball, location: 2F 1-2: Ball 2-2: SINGLE (Flyball, 78S, EV 90.0 MPH)
|
|
Batting: RHB Masaru Konno
|
0-0: Ball 1-0: Reached on error, E2 (Groundball, 2R, EV 63.1 MPH) Mitchell Casey to second
|
|
Batting: SHB Danny Jensen
|
0-0: Fly out, F9 (Flyball, 9S, EV 96.9 MPH)
|
|
Batting: RHB Mark Cahill
|
0-0: Called Strike 0-1: Ball 1-1: Fielders Choice at 2nd, 4-6 (Groundball, 34D, EV 92.5 MPH) Mitchell Casey to third
|
|
Batting: LHB Josh Corkery
|
0-0: Ball 1-0: Fielders Choice at 2nd, 6-4 (Groundball, 6, EV 103.8 MPH)
|
| Bottom of the 3rd over - 0 runs, 1 hit, 1 error, 2 left on base; Birmingham 3 - Corpus Christi 0 |
| TOP OF THE 4TH |
|
Birmingham Barons batting - Pitching for Corpus Christi Hooks : RHP Josh Willig
|
|
Batting: RHB Toichiro Fujimoto
|
0-0: Swinging Strike 0-1: Foul Ball, location: 2F 0-2: Ball 1-2: Strikes out looking
|
|
Batting: RHB John Iddings
|
0-0: Ball 1-0: Ball 2-0: Swinging Strike 2-1: Foul Ball, location: 2F 2-2: Foul Ball, location: 2F 2-2: Ground out 4-3 (Groundball, 4, EV 109.4 MPH)
|
|
Batting: SHB Jason Bresnahan
|
0-0: Ball 1-0: Ground out 6-3 (Groundball, 6, EV 103.1 MPH)
|
| Top of the 4th over - 0 runs, 0 hits, 0 errors, 0 left on base; Birmingham 3 - Corpus Christi 0 |
| BOTTOM OF THE 4TH |
|
Corpus Christi Hooks batting - Pitching for Birmingham Barons : LHP Matt Granados
|
|
Batting: RHB Ramon Castellon
|
0-0: Called Strike 0-1: Ball 1-1: Ball 2-1: Ground out 6-3 (Groundball, 6, EV 86.2 MPH)
|
|
Batting: RHB Sam Spohn
|
0-0: Ball 1-0: Ground out 5-3 (Groundball, 25, EV 80.6 MPH)
|
|
Batting: LHB Bob Dietz
|
0-0: Ball 1-0: Ball 2-0: SOLO HOME RUN (Flyball, 89XD, EV 110.0 MPH), Distance : 418 ft
|
|
Batting: LHB Josh Birkner
|
0-0: Called Strike 0-1: Swinging Strike 0-2: Strikes out looking
|
| Bottom of the 4th over - 1 run, 1 hit, 0 errors, 0 left on base; Birmingham 3 - Corpus Christi 1 |
| TOP OF THE 5TH |
|
Birmingham Barons batting - Pitching for Corpus Christi Hooks : RHP Josh Willig
|
|
Batting: LHB Dalton Silveira
|
0-0: Fly out, F7 (Flyball, 78S, EV 92.5 MPH)
|
|
Batting: LHB Larry Myers
|
0-0: Ball 1-0: Ball 2-0: Ball 3-0: Foul Ball, location: 2F 3-1: Base on Balls
|
|
Batting: SHB Ruben Velasco Jr.
|
0-0: Called Strike 0-1: Foul Ball, location: 2F 0-2: DOUBLE (Line Drive, 5D, EV 104.4 MPH) Larry Myers to third
|
|
Batting: LHB Ryan Dyal
|
0-0: Ball 1-0: Ball 2-0: Ball 3-0: Base on Balls
|
|
Batting: LHB Matt Hyde
|
0-0: Called Strike 0-1: Swinging Strike 0-2: Ball 1-2: Strikes out swinging
|
|
Batting: RHB Mike Savage
|
0-0: Reached on error, E4 (Groundball, 4, EV 76.9 MPH) Larry Myers scores Ruben Velasco Jr. to third Ryan Dyal to second
|
|
Batting: RHB Toichiro Fujimoto
|
0-0: Ball 1-0: DOUBLE (Flyball, 78XD, EV 100.0 MPH) Ruben Velasco Jr. scores Ryan Dyal scores Mike Savage to third Runner from 3rd tries for Home, SAFE, throw by LF to home
|
|
Pitching: RHP Manny Bonilla
|
|
|
Batting: RHB John Iddings
|
0-0: Ball 1-0: Called Strike 1-1: Foul Ball, location: 2F 1-2: Ball 2-2: Ball 3-2: Foul Ball, location: 2F 3-2: Strikes out swinging
|
| Top of the 5th over - 4 runs, 2 hits, 1 error, 1 left on base; Birmingham 7 - Corpus Christi 1 |
| BOTTOM OF THE 5TH |
|
Corpus Christi Hooks batting - Pitching for Birmingham Barons : LHP Matt Granados
|
|
Batting: LHB Mitchell Casey
|
0-0: Ball 1-0: Ball 2-0: Foul Ball, location: 2F 2-1: Ball 3-1: Base on Balls
|
|
Batting: RHB Masaru Konno
|
0-0: Ball 1-0: Ball 2-0: Called Strike 2-1: Swinging Strike 2-2: Foul Ball, location: 2F 2-2: Foul Ball, location: 2F 2-2: Fielders Choice at 2nd, 5-4 (Groundball, 5S, EV 89.4 MPH)
|
|
Batting: SHB Danny Jensen
|
0-0: Ball 1-0: Called Strike 1-1: Grounds into double play, 5-4-3 (Groundball, 56S, EV 89.4 MPH)
|
| Bottom of the 5th over - 0 runs, 0 hits, 0 errors, 0 left on base; Birmingham 7 - Corpus Christi 1 |
| TOP OF THE 6TH |
|
Birmingham Barons batting - Pitching for Corpus Christi Hooks : RHP Manny Bonilla
|
|
Batting: SHB Jason Bresnahan
|
0-0: Foul Ball, location: 2F 0-1: Ball 1-1: Ball 2-1: Ground out 2-3 (Groundball, 15S, EV 63.8 MPH)
|
|
Batting: LHB Dalton Silveira
|
0-0: SINGLE (Groundball, 56S, EV 67.5 MPH) (infield hit)
|
|
Batting: LHB Larry Myers
|
0-0: Ball 1-0: Called Strike 1-1: Ground out 4-3 (Groundball, 13, EV 93.8 MPH) Dalton Silveira to second
|
|
Batting: SHB Ruben Velasco Jr.
|
0-0: Foul Ball, location: 2F 0-1: Ball 1-1: Ball 2-1: TRIPLE (Groundball, 5L, EV 106.9 MPH) Dalton Silveira scores
|
|
Batting: LHB Ryan Dyal
|
0-0: Ball 1-0: Swinging Strike 1-1: Ball 2-1: Ball 3-1: Base on Balls
|
|
Batting: LHB Matt Hyde
|
0-0: Foul Ball, location: 2F 0-1: Ball 1-1: Ball 2-1: Ball Wild Pitch! Ruben Velasco Jr. scores Ryan Dyal to second 3-1: Ground out 4-3 (Groundball, 4, EV 85.6 MPH)
|
| Top of the 6th over - 2 runs, 2 hits, 0 errors, 1 left on base; Birmingham 9 - Corpus Christi 1 |
| BOTTOM OF THE 6TH |
|
Corpus Christi Hooks batting - Pitching for Birmingham Barons : LHP Matt Granados
|
|
Pitching: RHP Rick Sacket
|
|
|
Batting: RHB Mark Cahill
|
0-0: Called Strike 0-1: Ball 1-1: Foul Ball, location: 2F 1-2: Ball 2-2: TRIPLE (Flyball, 78XD, EV 104.4 MPH)
|
|
Batting: LHB Josh Corkery
|
0-0: SINGLE (Groundball, 4MD, EV 102.5 MPH) Mark Cahill scores
|
|
Batting: RHB Ramon Castellon
|
0-0: Ball 1-0: Ball 2-0: Called Strike Josh Corkery steals 2nd base 2-1: Ball 3-1: Foul Ball, location: 2F 3-2: Foul Ball, location: 2F 3-2: Base on Balls
|
|
Batting: RHB Sam Spohn
|
0-0: Called Strike 0-1: Foul Ball, location: 2F 0-2: Strikes out swinging
|
|
Batting: LHB Bob Dietz
|
0-0: Called Strike 0-1: Ball 1-1: Swinging Strike 1-2: Grounds into double play, 4-6-3 (Groundball, 4, EV 106.2 MPH)
|
| Bottom of the 6th over - 1 run, 2 hits, 0 errors, 1 left on base; Birmingham 9 - Corpus Christi 2 |
| TOP OF THE 7TH |
|
Birmingham Barons batting - Pitching for Corpus Christi Hooks : RHP Manny Bonilla
|
|
Batting: RHB Mike Savage
|
0-0: Called Strike 0-1: SINGLE (Groundball, 56, EV 98.1 MPH)
|
|
Batting: RHB Toichiro Fujimoto
|
0-0: Swinging Strike 0-1: Ball 1-1: Fly out, F8 (Flyball, 8RM, EV 90.0 MPH)
|
|
Pinch Hitting: SHB Olaf Zoeteman
|
0-0: Foul Ball, location: 2F 0-1: Swinging Strike 0-2: Ball 1-2: Fly out, F8 (Line Drive, 8RM, EV 89.4 MPH)
|
|
Batting: SHB Jason Bresnahan
|
0-0: Called Strike 0-1: Called Strike Mike Savage steals 2nd, throwing error, E2 Mike Savage to third 0-2: Ball 1-2: Strikes out looking
|
| Top of the 7th over - 0 runs, 1 hit, 1 error, 1 left on base; Birmingham 9 - Corpus Christi 2 |
| BOTTOM OF THE 7TH |
|
Corpus Christi Hooks batting - Pitching for Birmingham Barons : RHP Rick Sacket
|
|
Now at 2B: Olaf Zoeteman
|
|
|
Now at 3B: Dalton Silveira
|
|
|
Now at SS: Jason Bresnahan
|
|
|
Batting: LHB Josh Birkner
|
0-0: SOLO HOME RUN (Flyball, 9D, EV 95.0 MPH), Distance : 358 ft
|
|
Batting: LHB Mitchell Casey
|
0-0: Called Strike 0-1: SINGLE (Groundball, 4D, EV 98.8 MPH)
|
|
Batting: RHB Masaru Konno
|
0-0: Called Strike 0-1: Called Strike 0-2: Grounds into double play, 4-6-3 (Groundball, 4, EV 80.6 MPH)
|
|
Batting: SHB Danny Jensen
|
0-0: Ground out 6-3 (Groundball, 6, EV 104.4 MPH)
|
| Bottom of the 7th over - 1 run, 2 hits, 0 errors, 0 left on base; Birmingham 9 - Corpus Christi 3 |
| TOP OF THE 8TH |
|
Birmingham Barons batting - Pitching for Corpus Christi Hooks : RHP Manny Bonilla
|
|
Pitching: LHP Blaine Whitmore
|
|
|
Batting: LHB Dalton Silveira
|
0-0: Called Strike 0-1: Fly out, F8 (Line Drive, 8RD, EV 98.8 MPH)
|
|
Batting: LHB Larry Myers
|
0-0: Ball 1-0: Ball 2-0: Foul Ball, location: 2F 2-1: Ball 3-1: Called Strike 3-2: Strikes out looking
|
|
Batting: SHB Ruben Velasco Jr.
|
0-0: Ball 1-0: Ball 2-0: Ball 3-0: Base on Balls
|
|
Batting: LHB Ryan Dyal
|
0-0: Foul Ball, location: 2F 0-1: Ball 1-1: Ball 2-1: Ball 3-1: Fly out, F8 (Flyball, 8RD, EV 103.1 MPH)
|
| Top of the 8th over - 0 runs, 0 hits, 0 errors, 1 left on base; Birmingham 9 - Corpus Christi 3 |
| BOTTOM OF THE 8TH |
|
Corpus Christi Hooks batting - Pitching for Birmingham Barons : RHP Rick Sacket
|
|
Batting: RHB Mark Cahill
|
0-0: Ball 1-0: Foul Ball, location: 2F 1-1: Ball 2-1: Ball 3-1: Fly out, F8 (Flyball, 8RS, EV 92.5 MPH)
|
|
Batting: LHB Josh Corkery
|
0-0: Foul Ball, location: 2F 0-1: Ball 1-1: Ball 2-1: SINGLE (Line Drive, 7S, EV 95.0 MPH)
|
|
Batting: RHB Ramon Castellon
|
0-0: Ball 1-0: Called Strike 1-1: Ball 2-1: Foul Ball, location: 2F 2-2: Foul Ball, location: 2F 2-2: Grounds into double play, 6-4-3 (Groundball, 6S, EV 85.0 MPH)
|
| Bottom of the 8th over - 0 runs, 1 hit, 0 errors, 0 left on base; Birmingham 9 - Corpus Christi 3 |
| TOP OF THE 9TH |
|
Birmingham Barons batting - Pitching for Corpus Christi Hooks : LHP Blaine Whitmore
|
|
Batting: LHB Matt Hyde
|
0-0: Called Strike 0-1: DOUBLE (Line Drive, 78D, EV 105.0 MPH)
|
|
Batting: RHB Mike Savage
|
0-0: Called Strike 0-1: Called Strike 0-2: Foul Ball, location: 2F 0-2: Ball 1-2: Ball 2-2: Strikes out looking
|
|
Batting: RHB Toichiro Fujimoto
|
0-0: Ground out U3 (Groundball, 34S, EV 83.8 MPH) Matt Hyde to third
|
|
Batting: SHB Olaf Zoeteman
|
0-0: Ball 1-0: Ball 2-0: Foul Ball, location: 2F 2-1: Foul Ball, location: 2F 2-2: Foul Ball, location: 2F 2-2: Strikes out swinging
|
| Top of the 9th over - 0 runs, 1 hit, 0 errors, 1 left on base; Birmingham 9 - Corpus Christi 3 |
| BOTTOM OF THE 9TH |
|
Corpus Christi Hooks batting - Pitching for Birmingham Barons : RHP Rick Sacket
|
|
Batting: RHB Sam Spohn
|
0-0: Ball 1-0: Ball 2-0: Ball 3-0: Base on Balls
|
|
Pitching: LHP Mark Sharrett
|
|
|
Batting: LHB Bob Dietz
|
0-0: Called Strike 0-1: Ball 1-1: Called Strike 1-2: Foul Ball, location: 2F 1-2: Fielders Choice at 2nd, 3-6 (Groundball, 23, EV 81.9 MPH)
|
|
Batting: RHB Bruce Bermudez
|
0-0: Called Strike 0-1: Called Strike 0-2: Foul Ball, location: 2F 0-2: Foul Ball, location: 2F 0-2: Ball 1-2: Foul Ball, location: 2F 1-2: Foul Ball, location: 2F 1-2: Ball 2-2: Foul Ball, location: 2F 2-2: Fielders Choice at 2nd, 1-6 (Groundball, 23, EV 68.1 MPH)
|
|
Pitching: RHP Jon Manwaring
|
|
|
Batting: LHB Mitchell Casey
|
0-0: Ball Wild Pitch! Bruce Bermudez to second 1-0: Ball 2-0: Reached on error, E5 (Groundball, 6, EV 93.1 MPH) Bruce Bermudez to third
|
|
Batting: RHB Masaru Konno
|
0-0: Called Strike 0-1: Ball 1-1: Foul Ball, location: 2F 1-2: Ball 2-2: Strikes out swinging
|
| Bottom of the 9th over - 0 runs, 0 hits, 1 error, 2 left on base; Birmingham 9 - Corpus Christi 3 |
|